 Dungeon Crawl Stone Soup version 0.18.1-50-g88ac8fd (webtiles) character file.

340 nikopol the Skirmisher (level 6, -8/60 HPs)
             Began as a Gargoyle Berserker on Sept 17, 2016.
             Was a Priest of Trog.
             Mangled by an ogre
             ... wielding a +0 giant spiked club
              (15 damage)
             ... on level 4 of the Dungeon.
             The game lasted 00:08:28 (3306 turns).

nikopol the Skirmisher (Gargoyle Berserker)         Turns: 3306, Time: 00:08:28

Health: -8/60      AC: 11    Str: 26    XL:     6   Next: 56%
Magic:  6/6        EV: 12    Int:  7    God:    Trog [***...]
Gold:   80         SH:  0    Dex: 11    Spells: 0 memorised, 5 levels left

rFire  . . .     SeeInvis .     a - +0 mace
rCold  . . .     Gourm    .     x - +0 leather armour
rNeg   + . .     Faith    .     (no shield)
rPois  ∞         Spirit   .     r - +1 helmet
rElec  +         Dismiss  .     h - +0 cloak
rCorr  .         Reflect  .     (no gloves)
SustAt .         Harm     .     (no boots)
MR     .....                    (no amulet)
Stlth  ..........               (no ring)
                                (no ring)

@: berserking, very quick, not resistant to hostile enchantments, extremely
unstealthy
A: negative energy resistance 1, electricity resistance, unbreathing,
petrification resistance, rot immunity, AC +4
a: Berserk, Trog's Hand, Burn Spellbooks, Renounce Religion


You were on level 4 of the Dungeon.
You worshipped Trog.
Trog was most pleased with you.
You were not hungry.

You visited 1 branch of the dungeon, and saw 4 of its levels.

You collected 80 gold pieces.

Inventory:

Hand Weapons
 a - a +0 mace (weapon)
Missiles
 o - 11 arrows
 u - 28 bolts
Armour
 b - a +0 animal skin
 h - a +0 cloak (worn)
 r - a +1 helmet (worn)
 x - a +0 leather armour (worn)
Jewellery
 k - an uncursed ring of positive energy {unknown}
 m - an uncursed ring of stealth {unknown}
Scrolls
 d - 3 scrolls of enchant armour {unknown}
 e - a scroll of fog {unknown}
 f - a scroll of magic mapping {unknown}
 i - 2 scrolls of recharging {unknown}
 j - a scroll of noise {unknown}
 n - a scroll of remove curse {unknown}
 t - 2 scrolls of identify {unknown}
Potions
 l - a potion of magic {unknown}
 p - a potion of cure mutation {unknown}
 q - a potion of agility {unknown}
 s - a potion of cancellation {unknown}
 z - a potion of flight {unknown}
Comestibles
 c - 3 bread rations
 g - 6 fruits
 v - a meat ration
 w - 7 chunks of flesh
 A - a slice of pizza


   Skills:
 + Level 4.8 Fighting
 + Level 4.3 Maces & Flails
 + Level 4.0 Armour
 + Level 3.1 Dodging


You had 5 spell levels left.
You didn't know any spells.

Dungeon Overview and Level Annotations

Branches:
Dungeon (4/15)
 Temple: D:4-7

Altars:
Okawaru
Vehumet


Innate Abilities, Weirdness & Mutations

You are resistant to torment.
Your stone body is resilient (AC +4).
You are immune to poison.
You resist negative energy.
You are resistant to electric shocks.
You can survive without breathing.
You are immune to petrification.
You are immune to rotting.


Message History

The ogre hits you with a giant spiked club.
You hit the ogre.
The ogre is moderately wounded.
The ogre hits you with a giant spiked club!
You hit the ogre.
The ogre is heavily wounded.
The ogre hits you with a giant spiked club!
You barely miss the ogre.
The ogre is heavily wounded.
The ogre hits you with a giant spiked club!
* * * LOW HITPOINT WARNING * * *
You are too injured to fight recklessly!
You are too injured to fight recklessly!
A red film seems to cover your vision as you go berserk!
You feel yourself moving faster!
You feel mighty!
You feel somewhat more hungry.
You sock the ogre!
The ogre is almost dead.
The ogre hits you with a giant spiked club!
You die...

#.....# #... #.....#
#... #.....# #...
#.....# #... #.....#
#... #.....# #...
#.....#######...
#########...............
......O@.#####..........
.........# #..........
.........# #..........
.........# #.....>....
.........# #..........
.........# #..........
.........# #..........
###......# #..........
########...


You could see an ogre.

Vanquished Creatures
  The ghost of simples the Chopper, an amateur MiBe of Trog (D:3)
  2 hounds
  Natasha (thrice) (D:2)
  A hound skeleton (D:4)
  An adder (D:2)
  An ooze (D:2)
  4 worms
  3 dart slugs
  2 giant geckos
  3 orcs (D:3)
  A ball python (D:2)
  8 bats
  3 giant cockroaches (D:2)
  11 goblins
  5 hobgoblins
  6 jackals
  8 kobolds
  A quokka (D:3)
  A giant gecko skeleton (D:4)
  8 rats
73 creatures vanquished.

Notes
Turn   | Place    | Note
--------------------------------------------------------------
     0 | D:1      | nikopol the Gargoyle Berserker began the quest for the Orb.
     0 | D:1      | Reached XP level 1. HP: 14/14 MP: 1/1
   154 | D:1      | Reached XP level 2. HP: 16/19 MP: 2/2
   620 | D:1      | Reached ** piety under Trog
   740 | D:2      | Reached XP level 3. HP: 3/23 MP: 3/3
  1081 | D:2      | Found an iron altar of Okawaru.
  1425 | D:2      | Noticed Natasha
  1437 | D:2      | Reached XP level 4. HP: 14/29 MP: 4/4
  1442 | D:2      | HP: 1/43 [something (3)]
  1443 | D:2      | Killed Natasha
  1886 | D:2      | Reached XP level 5. HP: 29/33 MP: 5/5
  2031 | D:2      | Noticed Natasha
  2037 | D:2      | Killed Natasha
  2348 | D:3      | Noticed simples's ghost (amateur MiBe)
  2364 | D:3      | Killed simples's ghost
  2364 | D:3      | Reached XP level 6. HP: 21/39 MP: 6/6
  2455 | D:3      | Reached *** piety under Trog
  2632 | D:2      | Noticed Natasha
  2641 | D:2      | Killed Natasha
  3003 | D:3      | Found a radiant altar of Vehumet.
  3306 | D:4      | Mangled by an ogre

Skill      XL: |  1  2  3  4  5  6 |
---------------+-------------------+-----
Dodging        | 2 3 |  3.1
Armour         | 3 4 |  4.0
Fighting       | 4 |  4.8
Maces & Flails | 4 |  4.3

Action                   |  1- 3 |  4- 6 || total
-------------------------+-------+-------++-------
Melee: Mace              |   111 |   161 ||   272
Invok: Berserk           |     2 |     2 ||     4
  Eat: Chunk             |     2 |     9 ||    11
Armor: Animal skin       |    56 |    50 ||   106
       Leather armour    |       |    14 ||    14
Dodge: Dodged            |   104 |   105 ||   209
